 Dungeon Crawl Stone Soup version 0.30.0 (webtiles) character file.

Game seed: 6429189667910617385

3084 Estrea the Earth Mage (level 9, -5/45 HPs)
             Began as a Gargoyle Earth Elementalist on Nov 25, 2023.
             Slain by a +0 mace of the Swamp {spect, rElec Dex+7} (12 damage)
             ... created by an orc
             ... on level 7 of the Dungeon.
             The game lasted 00:14:41 (5540 turns).

Estrea the Earth Mage (Gargoyle Earth Elementalist) Turns: 5540, Time: 00:14:42

Health: -5/45      AC: 10    Str: 12    XL:     9   Next: 89%
Magic:  8/12       EV: 16    Int: 20    God:
Gold:   404        SH:  0    Dex: 10    Spells: 2/12 levels left

rFire   . . .        c - +6 scythe (venom)
rCold   . . .        (shield currently unavailable)
rNeg    + . .        a - +0 robe
rPois   ∞            (no helmet)
rElec   +            (no cloak)
rCorr   .            (no gloves)
SInv    +            p - +1 pair of boots
Will    .....        l - amulet of magic regeneration
Stlth   ++           h - +5 ring of evasion
HPRegen 0.27/turn    r - ring of see invisible
MPRegen 0.53/turn

%: no passive effects
@: wereblooded (expiring), studying Transmutations
A: sickness immunity, AC +6, negative energy resistance 1, electricity
resistance, torment resistance 1, petrification resistance
a: no special abilities


You were on level 7 of the Dungeon.
You visited 2 branches of the dungeon, and saw 8 of its levels.
You also visited: Sewer and Ossuary.

You collected 404 gold pieces.

Inventory:

Hand Weapons
 c - a +6 scythe of venom (weapon)
Missiles
 C - a throwing net
Armour
 a - a +0 robe (worn)
 p - a +1 pair of boots (worn)
Jewellery
 h - a +5 ring of evasion (left hand)
 l - an amulet of magic regeneration (around neck)
 o - a ring of willpower
 r - a ring of see invisible (right hand)
 v - an amulet of reflection
 z - a ring of positive energy
Wands
 g - a wand of flame (30)
 j - a wand of polymorph (8)
 m - a wand of iceblast (8)
 n - a wand of mindburst (15)
Scrolls
 e - 3 scrolls of teleportation
 s - a scroll of butterflies
 w - 3 scrolls of magic mapping
 y - a scroll of poison
 B - a scroll of vulnerability
 D - 2 scrolls of immolation
Potions
 b - a potion of magic
 d - 2 potions of brilliance
 f - 2 potions of invisibility
 i - 10 potions of curing {unknown}
 k - 2 potions of flight
 q - 2 potions of cancellation
 t - 2 potions of haste
 u - 3 potions of mutation
 x - 2 potions of heal wounds
 A - 2 potions of ambrosia
 E - 3 potions of attraction {unknown}


   Skills:
 - Level 1.5 Dodging
 - Level 2.1 Stealth
 - Level 2.0 Spellcasting
 + Level 0.7 Transmutations
 + Level 16.0 Earth Magic


You had 2 spell levels left.
You knew the following spells:

 Your Spells              Type           Power      Damage    Failure   Level
a - Sandblast             Erth           100%       2d20      1%          1
b - Stone Arrow           Conj/Erth      68%        3d11      1%          3
c - Petrify               Tmut/Erth      35%        N/A       4%          4
d - Wereblood             Tmut           5%         N/A       17%         2

Your spell library contained the following spells:

 Spells                   Type           Power      Damage    Failure   Level
 Passwall                 Tmut/Erth      29%        N/A       1%          2
 Beastly Appendage        Tmut           10%        N/A       12%         1
 Apportation              Tloc           4%         N/A       16%         1
 Foxfire                  Conj/Fire      8%         2x1d4     16%         1
 Necrotise                Necr           8%         1d4       16%         1
 Summon Small Mammal      Summ           8%         N/A       16%         1
 Spider Form              Tmut/Pois      3%         N/A       38%         3
 Call Canine Familiar     Summ           2%         N/A       43%         3
 Inner Flame              Hex/Fire       2%         N/A       43%         3
 Summon Guardian Golem    Hex/Summ       2%         N/A       43%         3
 Flame Wave               Conj/Fire      2%         2d4       83%         4
 Sticky Flame             Conj/Fire      2%         2d3       83%         4
 Fireball                 Conj/Fire      1%         3d3       99%         5
 Plasma Beam              Fire/Air       1%         2x1d12    100%        6
 Starburst                Conj/Fire      1%         6d3       100%        6


Dungeon Overview and Level Annotations

Branches:
Dungeon (7/15)             Temple (1/1) D:6           Sewer (visited)
Ossuary (visited)

Altars:
Ashenzari
Dithmenos
Fedhas
Gozag
Hepliaklqana
Kikubaaqudgha
Makhleb
Ru
Trog
Uskayaw
Wu Jian
Xom
Yredelemnul
Zin
The Shining One

Shops:
D:6 (


Innate Abilities, Weirdness & Mutations

You are immune to sickness and miasma.
Your stone body is resilient. (AC +6)
You are immune to poison.
You resist negative energy. (rN+)
You are resistant to electric shocks. (rElec)
You are resistant to unholy torment.
You are immune to petrification.


Message History

The blast of sand hits the orc!!
You feel a bit better.
You kill the orc!
The +0 mace of the Swamp {spect, rElec Dex+7} closely misses you.
The +0 mace of the Swamp {spect, rElec Dex+7} barely misses you.
The +0 mace of the Swamp {spect, rElec Dex+7} misses you.
The +0 mace of the Swamp {spect, rElec Dex+7} hits you.
The orc misses you.
The +0 mace of the Swamp {spect, rElec Dex+7} hits you.
You are too injured to fight recklessly!
Casting: Sandblast (safe; 1% risk of failure)
Confirm with . or Enter, or press ? or * to list all spells.
Aiming: Sandblast (safe; 1% risk of failure)
Press: ? - help, Shift-Dir - straight line, f - orc
Aim: an orc, wielding a +0 dagger (85% to hit)
The blast of sand hits the orc!
You feel a bit better.
You kill the orc!
You howl as the wereblood boils in your veins!
The +0 mace of the Swamp {spect, rElec Dex+7} hits you!
The +0 mace of the Swamp {spect, rElec Dex+7} hits you.
The +0 mace of the Swamp {spect, rElec Dex+7} closely misses you.
The +0 mace of the Swamp {spect, rElec Dex+7} hits you.
* * * LOW HITPOINT WARNING * * *
The orc barely misses you.
The +0 mace of the Swamp {spect, rElec Dex+7} completely misses you.
The orc hits you but does no damage.
The +0 mace of the Swamp {spect, rElec Dex+7} misses you.
The +0 mace of the Swamp {spect, rElec Dex+7} hits you.
* * * LOW HITPOINT WARNING * * *
Casting: Sandblast (safe; 1% risk of failure)
Confirm with . or Enter, or press ? or * to list all spells.
Aiming: Sandblast (safe; 1% risk of failure)
Press: ? - help, Shift-Dir - straight line, f - orc
Aim: an orc, wielding the +0 mace of the Swamp {spect, rElec Dex+7} (85% to hit)
The blast of sand misses the orc.
Your primal bloodlust is almost over.
The +0 mace of the Swamp {spect, rElec Dex+7} barely misses you.
The +0 mace of the Swamp {spect, rElec Dex+7} hits you.
* * * LOW HITPOINT WARNING * * *
The +0 mace of the Swamp {spect, rElec Dex+7} hits you!
You die...

#..... ........# #....########
........ +....>.....>. ......#
#......####.# .....# #......# #.#
....# #......####.# ...#
#............ .........# #)o#
#...#........ .........##### #@(#
#...#..####.# #............. #..#
#...#..#..... #............. #..#
#..)#..#.##.# #.............
#..###...#..#.##.# #.............
#................. ..............
#................. ........†.....
#..#..............
..............##..#######..#.##.#
..........)...#......####..#.##.#


You could see a +0 mace of the Swamp {spect, rElec Dex+7} and an orc.

Vanquished Creatures
  Sigmund (D:2)
  A black bear (D:3)
  An ice beast (D:6)
  An orc warrior (D:7)
  A sky beast (D:6)
  Pargi (Sewer)
  A centaur (D:7)
  An ogre (D:6)
  A phantom (D:6)
  A kobold brigand (Sewer)
  2 bullfrogs
  2 gnoll sergeants (D:5)
  3 scorpions
  3 water moccasin zombies (Ossuary)
  A howler monkey (D:5)
  3 electric eels (D:6)
  5 bullfrog zombies (Ossuary)
  2 jellies
  2 centaur zombies (Ossuary)
  An orc priest (D:5)
  2 hounds
  3 iron imps (D:3)
  17 mummies (Ossuary)
  2 sleepcaps (D:5)
  Terence (D:2)
  3 iguanas
  3 orc wizards
  A killer bee zombie (Ossuary)
  A howler monkey zombie (Ossuary)
  11 gnolls
  9 adders
  A white imp (D:6)
  4 ufetubi
  2 worms
  4 dart slugs
  21 orcs
  9 ball pythons
  2 endoplasms (D:1)
  7 giant cockroaches
  6 goblins
  4 hobgoblins
  10 jackals
  3 quokkas
  7 bats
  4 frilled lizards
  9 kobolds
  5 rats
185 creatures vanquished.

Vanquished Creatures (others)
  3 plants (D:6)
  7 withered plants (Ossuary)
10 creatures vanquished.

Grand Total: 195 creatures vanquished

Notes
Turn   | Place    | Note
-------+----------+-------------------------------------------
     0 | D:1      | Estrea the Gargoyle Earth Elementalist began the quest for
                  | the Orb.
     0 | D:1      | Reached XP level 1. HP: 10/10 MP: 3/3
    31 | D:1      | Reached skill level 4 in Earth Magic
    83 | D:1      | Reached XP level 2. HP: 15/15 MP: 3/5
   470 | D:1      | Reached skill level 5 in Earth Magic
   470 | D:1      | Reached XP level 3. HP: 19/19 MP: 2/6
   532 | D:1      | Learned a level 3 spell: Stone Arrow
  1321 | D:2      | Reached XP level 4. HP: 24/24 MP: 5/7
  1444 | D:2      | Noticed Sigmund
  1448 | D:2      | Killed Sigmund
  1449 | D:2      | Reached skill level 7 in Earth Magic
  1449 | D:2      | Reached XP level 5. HP: 13/28 MP: 6/8
  1535 | D:2      | Reached XP level 6. HP: 32/32 MP: 7/9
  1745 | D:2      | Noticed Terence
  1750 | D:2      | Killed Terence
  1751 | D:2      | Reached skill level 8 in Earth Magic
  2029 | D:3      | Found a faded altar of an unknown god.
  2243 | D:3      | Found an ornate altar of the Wu Jian Council.
  2335 | D:3      | Found a burning altar of Makhleb.
  2580 | D:3      | Noticed a black bear
  2584 | D:3      | Killed a black bear
  2585 | D:3      | Reached skill level 9 in Earth Magic
  2585 | D:3      | Reached XP level 7. HP: 36/36 MP: 8/10
  2696 | D:4      | Reached skill level 10 in Earth Magic
  2753 | D:4      | Found a sand-covered staircase.
  2758 | Ossuary  | Entered an ossuary
  2811 | Ossuary  | Reached skill level 11 in Earth Magic
  2814 | Ossuary  | Reached XP level 8. HP: 30/41 MP: 8/11
  2901 | Ossuary  | Reached skill level 12 in Earth Magic
  3414 | D:4      | Reached skill level 13 in Earth Magic
  3771 | D:5      | Entered Level 5 of the Dungeon
  3834 | D:5      | Reached XP level 9. HP: 45/45 MP: 10/12
  3843 | D:5      | Found a hazy altar of Hepliaklqana.
  3852 | D:5      | Learned a level 4 spell: Petrify
  3907 | D:5      | Reached skill level 14 in Earth Magic
  4147 | D:5      | Found a broken altar of Ashenzari.
  4458 | D:6      | Found a transporter.
  4487 | D:6      | Found a transporter.
  4487 | D:6      | Found a staircase to the Ecumenical Temple.
  4500 | Temple   | Entered the Ecumenical Temple
  4548 | D:6      | Found a glowing drain.
  4562 | Sewer    | Entered a sewer
  4618 | Sewer    | Noticed Pargi
  4620 | Sewer    | Killed Pargi
  4634 | Sewer    | Reached skill level 15 in Earth Magic
  4867 | D:6      | Found Vumumur's Weapon Boutique.
  4925 | D:6      | Learned a level 2 spell: Wereblood
  5528 | D:7      | Identified the +0 mace of the Swamp {spect, rElec Dex+7}
  5537 | D:7      | Reached skill level 16 in Earth Magic
  5540 | D:7      | Slain by a +0 mace of the Swamp {spect, rElec Dex+7}

Illustrated notes

Levels and vault maps discovered:
D:1:      psy_arrival_statuary, layout_loops_ring, minmay_indecisive_spiral
D:2:      layout_loops_corners, serial_park_tiny_2, grunt_ministairs_12,
          serial_bayou_lake_a, uniq_sigmund, uniq_terence
D:3:      layout_basic, demons_altar, mainiacjoe_overflow_surrounded_room,
          basic_ecumenical_altar
D:4:      layout_loops_ring, enter_ossuary_2, nrook_mini_backslash,
          chequers_serial_rivers_large_a
D:5:      layout_rooms, mainiacjoe_overflow_paths, nicolae_ashenzari_panopticon,
          minmay_manual_monstrance
D:6:      gammafunk_steamed_eel, layout_cave_pools,
          minmay_temple_entry_drinking_statues, portal_sewer_entry_a,
          serial_shops, nicolae_stop_n_shop_2
D:7:      layout_basic
Temple:   hellmonk_temple_of_storms

Skill      XL: |  1  2  3  4  5  6  7  8  9 |
---------------+----------------------------+-----
Earth Magic    | 4 5 7 9 11 13 16 | 16.0
Dodging        | |  1.5
Stealth        | |  2.1
Spellcasting   | |  2.0
Transmutations | |  0.7

Action                     |  1- 3 |  4- 6 |  7- 9 || total
---------------------------+-------+-------+-------++-------
  Melee: Club              |    17 |       |       ||    17
         Halberd           |       |     1 |     5 ||     6
         Unarmed           |       |       |     4 ||     4
   Cast: Sandblast         |    46 |    47 |   211 ||   304
         Wereblood         |       |       |     1 ||     1
  Evoke: Wand              |       |       |     3 ||     3
    Use: Scroll            |     2 |     8 |    10 ||    20
         Potion            |       |       |     1 ||     1
 Armour: Robe              |    11 |     2 |    39 ||    52
  Dodge: Dodged            |    28 |     6 |   137 ||   171
